 Dungeon Sprint DCSS version 0.24-a0-420-g24607be9ce (webtiles) character file.

Game seed: 11370768282079906053

53 wilfster70 the Shield-Bearer (level 3, -5/36 HPs)
             Began as a Minotaur Fighter on June 11, 2019.
             Was an Initiate of Gozag.
             Slain by an unseen horror (7 damage)
             ... in the Dungeon (Sprint IX: "|||||||||||||||||||||||||||||").
             The game lasted 00:01:38 (365 turns).

wilfster70 the Shield-Bearer (Minotaur Fighter)      Turns: 365, Time: 00:01:39

Health: -5/36      AC: 10    Str: 21    XL:     3   Next: 64%
Magic:  2/2        EV:  7    Int: 14    God:    Gozag
Gold:   0          SH: 10    Dex:  9    Spells: 2/2 levels left

rFire    . . .     SeeInvis .   a - +1 broad axe "Mauruphi" {drain, Int+3}
rCold    . . .     Gourm    .   c - +0 shield
rNeg     . . .     Faith    .   q - +1 chain mail
rPois    .         Spirit   .   (helmet restricted)
rElec    .         Reflect  .   (no cloak)
rCorr    .         Harm     .   (no gloves)
MR       .....     NoTele   +   (no boots)
Stlth    ..........             (no amulet)
HPRegen  0.12/turn              b - +3 ring of intelligence
MPRegen  0.08/turn              r - +3 ring of intelligence

@: gold aura
A: retaliatory headbutt, horns 2
a: Potion Petition, Call Merchant, Bribe Branch, Renounce Religion


You were in the Dungeon.
You worshipped Gozag.
Gozag was noncommittal.
You were not hungry.

You visited 1 branch

Inventory:

Hand Weapons
 a - the +1 broad axe "Mauruphi" (weapon) {drain, Int+3}
   (You found it in the Dungeon)

   A truly terrible weapon, it drains the life of those it strikes.
   It affects your intelligence (+3).
Armour
 c - a +0 shield (worn)
 q - a +1 chain mail (worn)
Jewellery
 b - a +3 ring of intelligence (left hand)
 r - a +3 ring of intelligence (right hand)
Wands
 p - a wand of acid (10)
Scrolls
 k - 2 scrolls of blinking
 n - 3 scrolls of remove curse
 o - 2 scrolls of amnesia
Potions
 d - a potion of might
 e - 5 potions of curing
 g - 3 potions of heal wounds
 h - a potion of haste
 i - 4 potions of magic
 j - a potion of berserk rage
 m - a potion of invisibility
Comestibles
 f - a ration
 l - 2 chunks of flesh


   Skills:
 + Level 5.2 Fighting
   Level 4.3 Long Blades
 * Level 1.2 Axes
 + Level 5.2 Armour
 + Level 3.1 Dodging
 + Level 5.2 Shields


You had 2 spell levels left.
You didn't know any spells.
Your spell library was empty.

Dungeon Overview and Level Annotations

Branches:
Dungeon (1/1)

Altars:
Cheibriados
Dithmenos
Elyvilon
Fedhas
Gozag
Hepliaklqana
Kikubaaqudgha
Makhleb
Nemelex Xobeh
Okawaru
Qazlal
Ru
Sif Muna
Trog
Uskayaw
Vehumet
Wu Jian
Xom
Yredelemnul
Zin
The Shining One
Beogh
Jiyva
Lugonu


Innate Abilities, Weirdness & Mutations

You reflexively headbutt those who attack you in melee.
You have a pair of horns on your head.


Message History

Your shield and chain mail prevent you from hitting something.
You barely miss something. Your headbutt misses something.
Something hits you but does no damage. Something hits you.
The crimson imp blinks!
You closely miss something.
Something hits you but does no damage. x2
Something hits you!
You miss something. You headbutt something. Something hits you.
The adder skeleton becomes distracted by the nearby gold, dreaming of imaginary riches.
You barely miss something.
The adder skeleton is no longer distracted by gold.
Something hits you.
Something hits you but does no damage. x2
The crimson imp blinks!
You closely miss something. Something hits you! x2
* * * LOW HITPOINT WARNING * * *
Something hits you but does no damage.
You closely miss something. You headbutt something. Something hits you.
* * * LOW HITPOINT WARNING * * *
Something hits you!
You die...
Your body crumbles into a pile of gold. $$$$$$ $$$$$ $ $ $ $$$$$ $$ ▓▓▓▓▓▓▓▓▓▓▓▓▓▓▓▓▓▓▓▓▓▓▓▓ _______'..|)[[[.@{hZh5.. ▓▓▓▓▓▓▓▓▓▓▓▓▓▓▓▓▓▓▓▓▓▓▓▓

You could see a hound, a crimson imp, a jackal and an adder skeleton.

Vanquished Creatures
  A jelly (D)
  An adder (D)
  A shadow imp (D)
  A goblin (D)
  2 jackals (D)
  A frilled lizard (D)
  2 giant cockroach zombies (D)
  2 rats (D)
11 creatures vanquished.

Notes
Turn   | Place    | Note
-------+----------+-------------------------------------------
     0 | D        | wilfster70 the Minotaur Fighter began the quest for the
                  | Orb.
     0 | D        | Reached XP level 1. HP: 19/19 MP: 0/0
    13 | D        | Reached skill level 1 in Dodging
   152 | D        | Noticed a jelly
   154 | D        | Killed a jelly
   154 | D        | Reached XP level 2. HP: 15/28 MP: 1/1
   154 | D        | Reached XP level 3. HP: 19/35 MP: 2/2
   158 | D        | Reached skill level 5 in Fighting
   158 | D        | Reached skill level 5 in Armour
   158 | D        | Reached skill level 5 in Shields
   292 | D        | Found a roughly hewn altar of Beogh.
   292 | D        | Found a snail-covered altar of Cheibriados.
   292 | D        | Found a shadowy altar of Dithmenos.
   292 | D        | Found a white marble altar of Elyvilon.
   292 | D        | Found a blossoming altar of Fedhas.
   292 | D        | Found an opulent altar of Gozag.
   293 | D        | Found a hazy altar of Hepliaklqana.
   294 | D        | Found a viscous altar of Jiyva.
   295 | D        | Found an ancient bone altar of Kikubaaqudgha.
   296 | D        | Found a corrupted altar of Lugonu.
   297 | D        | Found a burning altar of Makhleb.
   298 | D        | Found a sparkling altar of Nemelex Xobeh.
   299 | D        | Found an iron altar of Okawaru.
   300 | D        | Became a worshipper of Gozag Ym Sagoz the Greedy
   301 | D        | Found a stormy altar of Qazlal.
   302 | D        | Found a sacrificial altar of Ru.
   303 | D        | Found a deep blue altar of Sif Muna.
   304 | D        | Found a bloodstained altar of Trog.
   305 | D        | Found a hide-covered altar of Uskayaw.
   306 | D        | Found a radiant altar of Vehumet.
   307 | D        | Found an ornate altar of the Wu Jian Council.
   308 | D        | Found a shimmering altar of Xom.
   309 | D        | Found a basalt altar of Yredelemnul.
   310 | D        | Found a glowing silver altar of Zin.
   311 | D        | Found a glowing golden altar of the Shining One.
   328 | D        | Found the +5 scythe "Finisher" {speed, eviscerate}
   328 | D        | Got the +1 broad axe "Mauruphi" {drain, Int+3}
   358 | D        | Reached skill level 1 in Axes
   365 | D        | Slain by an unseen horror

Levels and vault maps discovered:
D:        linesprint [early_d, line_temple, items_1, d_10, items_2, lair_1,
          lair_end, items_3, orc_1, orc_end, items_4, d_15, swamp_1, shoals_1,
          snake_1, spider_1, d_20, vaults_1, items_5, swamp_end, shoals_end,
          snake_end, spider_end, vaults_end, d_27, items_6, zot_1, zot_end,
          crypt_end, forest_end, elf_end, slime_end, tomb_end, abyss_end,
          pan_hell_end]

Skill      XL: |  1  2  3 |
---------------+----------+-----
Dodging        | 2 3 |  3.1
Fighting       | 4 5 |  5.2
Armour         | 4 5 |  5.2
Shields        | 4 5 |  5.2
Long Blades    | 4 |  4.3
Axes           | 1 |  1.2

Action                   || total
-------------------------++-------
Melee: Long sword        ||    24
       Headbutt          ||     7
       Broad axe         ||     9
Armor: Scale mail        ||     3
       Chain mail        ||     8
Dodge: Dodged            ||     7
Block: Shield            ||    14
       Rpst.: Long sword ||     1

Table legend:
 A = Non-vault XP
 B = Vault XP
 C = Vault XP percentage of total XP
 D = Non-vault monster count
 E = Vault monster count
 F = Vault count percentage of total count
                 A         B        C        D         E       F
            +---------+---------+-------+---------+---------+-------
      Total |       0 |      77 | 100.0 |       0 |      11 | 100.0
            +---------+---------+-------+---------+---------+-------
          D |       0 |      77 | 100.0 |       0 |      11 | 100.0
            +---------+---------+-------+---------+---------+-------
